[ AOE2 MATCH · #505568510 ]
UnrankedDravidians vs Persians
Player's team · WIN
Rival team · LOSS
[ REPLAY ANALYSIS · EXTRACTED FROM THE RECORDED GAME ]
Feudal
10:56
Castle
21:12
Imperial
37:18
| APM avg | 77.8 |
| APM peak | 130 |
| eAPM avg | 39.6 |
| Villagers / military | 187 / 193 |
Focus
⚔️ 52.2% · 🌾 47.8%
Militia ×131 · Archer ×29 · Elephant Archer ×15 · Trebuchet (Packed) ×6 · Monk ×5 · Scout Cavalry ×4
Feudal
8:34
Castle
21:29
Imperial
37:45
| APM avg | 90.9 |
| APM peak | 157 |
| eAPM avg | 59.0 |
| Villagers / military | 202 / 117 |
Focus
⚔️ 63.7% · 🌾 36.3%
Skirmisher ×67 · Knight ×43 · Spearman ×3 · Mangonel ×2 · Scout Cavalry ×2
Match map
Initial resources + every placement click. Lines = walls · curves = elevation contours. ◆ gold · ⬟ stone · ● berries · ✦ relic · ◌ wall gap
Your base· Open — unwalled flank
Agusjj's base· Open — 3t gap
Smoothed initial terrain · ◌ = detected wall gap · hover for details
Inputs per minute
— RD | Kiko - - Agusjj
Build order — RD | Kiko
First 150 of 604 actions detected
| 0:01 | Create | Villager (Male) |
| 0:01 | Create | Villager (Male) |
| 0:01 | Create | Villager (Male) |
| 0:02 | Create | Villager (Male) |
| 0:02 | Create | Villager (Male) |
| 0:03 | Build | House |
| 0:04 | Build | House |
| 1:27 | Create | Villager (Male) |
| 1:27 | Create | Villager (Male) |
| 2:00 | Build | Lumber Camp |
| 2:01 | Create | Villager (Male) |
| 2:01 | Create | Villager (Male) |
| 2:22 | Create | Villager (Male) |
| 2:22 | Create | Villager (Male) |
| 2:46 | Create | Villager (Male) |
| 2:47 | Create | Villager (Male) |
| 3:05 | Create | Villager (Male) |
| 3:05 | Create | Villager (Male) |
| 3:33 | Create | Villager (Male) |
| 3:33 | Create | Villager (Male) |
| 3:48 | Create | Villager (Male) |
| 3:48 | Create | Villager (Male) |
| 3:50 | Build | House |
| 4:31 | Create | Villager (Male) |
| 4:34 | Build | Barracks |
| 4:42 | Create | Villager (Male) |
| 4:57 | Build | House |
| 5:26 | Create | Villager (Male) |
| 5:26 | Create | Villager (Male) |
| 5:26 | Create | Villager (Male) |
| 5:26 | Create | Villager (Male) |
| 5:42 | Create | Militia |
| 5:42 | Create | Militia |
| 6:08 | Create | Militia |
| 6:19 | Create | Villager (Male) |
| 6:24 | Build | Mill |
| 6:39 | Build | House |
| 6:47 | Create | Villager (Male) |
| 6:52 | Create | Villager (Male) |
| 6:52 | Create | Villager (Male) |
| 8:20 | Research | Loom |
| 8:30 | Build | Mill |
| 8:39 | Research | Feudal Age |
| 8:59 | Build | Mining Camp |
| 9:24 | Create | Militia |
| 9:24 | Create | Militia |
| 9:42 | Build | Lumber Camp |
| 10:00 | Build | House |
| 10:09 | Create | Militia |
| 10:12 | Create | Villager (Male) |
| 10:32 | Build | Palisade Wall |
| 10:33 | Build | Palisade Wall |
| 10:37 | Build | Palisade Wall |
| 10:40 | Create | Villager (Male) |
| 10:56 | Age | Feudal Age |
| 10:57 | Create | Spearman |
| 10:59 | Research | Man-at-Arms (upgrade) |
| 10:59 | Research | Man-at-Arms (upgrade) |
| 10:59 | Research | Double-Bit Axe |
| 10:59 | Research | Double-Bit Axe |
| 11:11 | Create | Villager (Male) |
| 11:52 | Create | Villager (Male) |
| 11:52 | Create | Villager (Male) |
| 11:54 | Build | Archery Range |
| 12:14 | Build | Farm |
| 12:18 | Create | Militia |
| 12:21 | Research | Arson |
| 12:21 | Research | Arson |
| 12:22 | Create | Villager (Male) |
| 12:25 | Research | Horse Collar |
| 12:32 | Build | Farm |
| 12:33 | Build | Farm |
| 12:34 | Create | Villager (Male) |
| 12:34 | Create | Villager (Male) |
| 12:40 | Build | Farm |
| 12:43 | Build | Farm |
| 12:49 | Build | House |
| 12:52 | Create | Archer |
| 13:00 | Create | Villager (Male) |
| 13:01 | Create | Villager (Male) |
| 13:04 | Create | Archer |
| 13:05 | Build | Farm |
| 13:08 | Create | Archer |
| 13:09 | Create | Spearman |
| 13:14 | Build | House |
| 13:30 | Create | Villager (Male) |
| 13:34 | Create | Spearman |
| 13:35 | Create | Archer |
| 13:36 | Create | Archer |
| 13:38 | Build | Farm |
| 13:57 | Create | Villager (Male) |
| 14:01 | Build | Farm |
| 14:05 | Create | Villager (Male) |
| 14:06 | Create | Archer |
| 14:11 | Build | Blacksmith |
| 14:12 | Create | Villager (Male) |
| 14:14 | Create | Archer |
| 14:30 | Create | Villager (Male) |
| 14:42 | Build | Farm |
| 14:46 | Create | Archer |
| 14:53 | Research | Fletching |
| 14:53 | Research | Fletching |
| 14:55 | Build | House |
| 14:58 | Build | Farm |
| 15:19 | Research | Scale Mail Armor |
| 15:19 | Research | Scale Mail Armor |
| 15:25 | Create | Archer |
| 15:27 | Build | House |
| 15:28 | Create | Villager (Male) |
| 15:30 | Build | Farm |
| 15:33 | Create | Archer |
| 15:37 | Build | Farm |
| 15:38 | Build | Farm |
| 15:43 | Create | Villager (Male) |
| 15:44 | Build | Farm |
| 15:50 | Create | Archer |
| 15:53 | Create | Villager (Male) |
| 15:56 | Build | Farm |
| 16:00 | Create | Archer |
| 16:05 | Create | Villager (Male) |
| 16:10 | Build | Farm |
| 16:28 | Create | Villager (Male) |
| 16:28 | Create | Archer |
| 16:43 | Create | Villager (Male) |
| 16:45 | Build | Farm |
| 16:54 | Build | Farm |
| 17:03 | Create | Villager (Male) |
| 17:04 | Create | Archer |
| 17:43 | Create | Villager (Male) |
| 17:56 | Build | Archery Range |
| 17:59 | Create | Archer |
| 18:32 | Research | Castle Age |
| 18:33 | Research | Castle Age |
| 18:45 | Build | Stable |
| 18:57 | Build | Farm |
| 19:02 | Build | Farm |
| 19:04 | Create | Archer |
| 19:04 | Create | Archer |
| 19:04 | Create | Archer |
| 19:14 | Research | Gold Mining |
| 19:14 | Research | Gold Mining |
| 19:22 | Research | Padded Archer Armor |
| 19:22 | Research | Padded Archer Armor |
| 19:31 | Build | House |
| 19:34 | Build | House |
| 19:35 | Create | Scout Cavalry |
| 19:35 | Create | Scout Cavalry |
| 19:35 | Create | Scout Cavalry |
| 19:38 | Create | Archer |
| 19:38 | Create | Archer |
Build order — Agusjj
First 150 of 532 actions detected
| 0:01 | Create | Villager (Male) |
| 0:01 | Create | Villager (Male) |
| 0:02 | Build | House |
| 0:02 | Build | House |
| 0:09 | Create | Villager (Male) |
| 0:12 | Create | Villager (Male) |
| 0:14 | Create | Villager (Male) |
| 1:24 | Create | Villager (Male) |
| 1:43 | Build | Lumber Camp |
| 2:06 | Create | Villager (Male) |
| 2:06 | Create | Villager (Male) |
| 2:12 | Create | Villager (Male) |
| 2:13 | Create | Villager (Male) |
| 2:46 | Create | Villager (Male) |
| 3:02 | Create | Villager (Male) |
| 3:34 | Create | Villager (Male) |
| 3:37 | Build | House |
| 4:13 | Create | Villager (Male) |
| 4:13 | Create | Villager (Male) |
| 4:19 | Create | Villager (Male) |
| 4:26 | Build | Mill |
| 4:32 | Create | Villager (Male) |
| 4:32 | Create | Villager (Male) |
| 5:01 | Create | Villager (Male) |
| 5:28 | Create | Villager (Male) |
| 5:29 | Create | Villager (Male) |
| 5:37 | Research | Loom |
| 5:37 | Research | Loom |
| 6:30 | Research | Feudal Age |
| 6:30 | Research | Feudal Age |
| 6:55 | Create | Villager (Male) |
| 7:12 | Create | Villager (Male) |
| 7:13 | Build | Barracks |
| 7:40 | Build | Palisade Wall |
| 7:57 | Build | House |
| 8:34 | Age | Feudal Age |
| 8:36 | Build | Stable |
| 8:39 | Research | Double-Bit Axe |
| 8:39 | Research | Double-Bit Axe |
| 9:03 | Build | House |
| 9:05 | Create | Scout Cavalry |
| 9:06 | Build | Palisade Wall |
| 9:07 | Build | Palisade Wall |
| 9:11 | Create | Villager (Male) |
| 9:31 | Create | Scout Cavalry |
| 9:35 | Create | Villager (Male) |
| 9:52 | Build | Farm |
| 9:57 | Build | Farm |
| 10:01 | Create | Villager (Male) |
| 10:01 | Create | Villager (Male) |
| 10:09 | Build | House |
| 10:14 | Build | House |
| 10:20 | Build | Farm |
| 10:24 | Build | Farm |
| 10:24 | Create | Villager (Male) |
| 10:36 | Build | Farm |
| 10:41 | Build | Palisade Wall |
| 10:55 | Build | Farm |
| 10:58 | Create | Villager (Male) |
| 10:58 | Create | Villager (Male) |
| 11:00 | Build | House |
| 11:30 | Create | Villager (Male) |
| 11:31 | Create | Villager (Male) |
| 11:40 | Build | House |
| 11:51 | Build | Palisade Gate |
| 11:53 | Build | House |
| 11:54 | Build | Palisade Wall |
| 12:00 | Create | Villager (Male) |
| 12:02 | Build | Farm |
| 12:04 | Build | Farm |
| 12:07 | Build | Palisade Wall |
| 12:12 | Build | Palisade Wall |
| 12:22 | Create | Villager (Male) |
| 12:23 | Build | Archery Range |
| 12:50 | Create | Villager (Male) |
| 13:04 | Build | Palisade Wall |
| 13:05 | Create | Skirmisher |
| 13:05 | Create | Skirmisher |
| 13:09 | Create | Villager (Male) |
| 13:18 | Build | Farm |
| 13:29 | Build | Palisade Wall |
| 13:35 | Create | Villager (Male) |
| 13:38 | Create | Skirmisher |
| 13:50 | Build | Farm |
| 13:51 | Create | Villager (Male) |
| 13:59 | Create | Skirmisher |
| 14:05 | Create | Villager (Male) |
| 14:23 | Build | Farm |
| 14:29 | Create | Skirmisher |
| 14:36 | Build | House |
| 14:46 | Create | Skirmisher |
| 14:48 | Create | Villager (Male) |
| 15:06 | Create | Villager (Male) |
| 15:07 | Build | Blacksmith |
| 15:17 | Create | Skirmisher |
| 15:23 | Create | Villager (Male) |
| 15:24 | Build | Farm |
| 15:49 | Create | Villager (Male) |
| 15:51 | Build | Farm |
| 15:53 | Build | House |
| 16:05 | Create | Villager (Male) |
| 16:09 | Build | Mining Camp |
| 16:13 | Create | Skirmisher |
| 16:18 | Research | Fletching |
| 16:18 | Research | Fletching |
| 16:26 | Build | House |
| 16:29 | Create | Villager (Male) |
| 16:31 | Build | Farm |
| 16:36 | Build | Lumber Camp |
| 16:45 | Build | House |
| 17:00 | Build | Farm |
| 17:06 | Create | Villager (Male) |
| 17:15 | Build | Farm |
| 17:24 | Create | Villager (Male) |
| 17:41 | Create | Villager (Male) |
| 17:57 | Build | Farm |
| 18:02 | Build | Lumber Camp |
| 18:04 | Build | House |
| 18:23 | Create | Villager (Male) |
| 18:25 | Build | Farm |
| 18:31 | Build | Farm |
| 18:50 | Build | House |
| 18:50 | Build | House |
| 19:04 | Research | Castle Age |
| 19:04 | Research | Castle Age |
| 19:08 | Build | Farm |
| 19:09 | Build | Farm |
| 19:38 | Research | Horse Collar |
| 20:06 | Create | Villager (Male) |
| 20:09 | Build | House |
| 20:10 | Build | Palisade Wall |
| 20:17 | Build | Farm |
| 20:17 | Build | Farm |
| 20:24 | Research | Bloodlines |
| 20:25 | Research | Bloodlines |
| 20:29 | Build | Stable |
| 20:31 | Build | Farm |
| 20:37 | Create | Skirmisher |
| 20:47 | Build | Farm |
| 20:52 | Create | Spearman |
| 20:52 | Create | Spearman |
| 20:53 | Create | Spearman |
| 21:29 | Age | Castle Age |
| 21:32 | Create | Knight |
| 21:34 | Create | Knight |
| 21:35 | Create | Villager (Male) |
| 21:39 | Build | Siege Workshop |
| 21:43 | Build | Farm |
| 21:43 | Build | Mill |
| 21:44 | Build | Farm |
Match timeline
| 4:34 | RD | Kiko · first_building Barracks |
| 7:13 | Agusjj · first_building Barracks |
| 7:40 | Agusjj · wall_segment Palisade Wall x16 |
| 8:34 | Agusjj · age_up feudal |
| 8:36 | Agusjj · first_building Stable |
| 9:06 | Agusjj · wall_segment Palisade Wall x1 |
| 9:07 | Agusjj · wall_segment Palisade Wall x1 |
| 10:32 | RD | Kiko · wall_segment Palisade Wall x1 |
| 10:33 | RD | Kiko · wall_segment Palisade Wall x1 |
| 10:37 | RD | Kiko · wall_segment Palisade Wall x1 |
| 10:41 | Agusjj · wall_segment Palisade Wall x11 |
| 10:56 | RD | Kiko · age_up feudal |
| 11:54 | Agusjj · wall_segment Palisade Wall x1 |
| 11:54 | RD | Kiko · first_building Archery Range |
| 12:07 | Agusjj · wall_segment Palisade Wall x11 |
| 12:12 | Agusjj · wall_segment Palisade Wall x3 |
| 12:23 | Agusjj · first_building Archery Range |
| 13:04 | Agusjj · wall_segment Palisade Wall x4 |
| 13:29 | Agusjj · wall_segment Palisade Wall x2 |
| 18:45 | RD | Kiko · first_building Stable |
| 20:10 | Agusjj · wall_segment Palisade Wall x1 |
| 21:12 | RD | Kiko · age_up castle |
| 21:29 | Agusjj · age_up castle |
| 21:39 | Agusjj · first_building Siege Workshop |
| 23:53 | RD | Kiko · first_building Monastery |
| 30:57 | Agusjj · first_market_buy 100 wood |
| 32:43 | Agusjj · first_building Castle |
| 32:53 | Agusjj · first_market_sell 100 food |
| 33:24 | RD | Kiko · first_building Castle |
| 35:15 | Agusjj · wall_segment Stone Wall x1 |
| 37:18 | RD | Kiko · age_up imperial |
| 37:45 | Agusjj · age_up imperial |
| 38:44 | RD | Kiko · first_market_sell 100 food |
| 42:12 | Agusjj · resign |
[ AI ANALYSIS · 1 CREDIT ]
What really happened in this match?
Wolo.gg analyzes every decision: build order, eco, micro, common mistakes by bracket. Personalized analysis on WhatsApp or Discord in 30 seconds.
Civ guide
Dravidians
Perfil
Jugador #1516024